 Dungeon Crawl Stone Soup version 0.28.0-43-g3370ac3207 (webtiles) character file.

Game seed: 5126224271672913722

242 terff the Chopper (level 5, -6/39 HPs)
             Began as a Demonspawn Gladiator on Mar 21, 2022.
             Killed from afar by an orc wizard (10 damage)
             ... with a puff of flame
             ... on level 3 of the Dungeon.
             The game lasted 00:07:16 (2451 turns).

terff the Chopper (Demonspawn Gladiator)            Turns: 2451, Time: 00:07:16

Health: -6/39      AC:  8    Str: 22    XL:     5   Next: 82%
Magic:  5/5        EV: 11    Int:  9    God:
Gold:   97         SH:  0    Dex: 15    Spells: 4/4 levels left

rFire   . . .      SeeInvis .   a - +0 war axe
rCold   . . .      Faith    .   (no shield)
rNeg    . . .      Spirit   .   j - +0 scale mail
rPois   .          Reflect  .   (helmet restricted)
rElec   .          Harm     .   (no cloak)
rCorr   .          Rampage  .   m - +1 pair of gloves
Will    .....                   (no boots)
Stlth   ..........              (no amulet)
HPRegen 0.13/turn               e - +6 ring of strength
MPRegen 0.09/turn               (no ring)

@: about to teleport
A: horns 1, powered by pain 1, spiny 1
a: no special abilities


You were on level 3 of the Dungeon.
You visited 1 branch of the dungeon, and saw 3 of its levels.

You collected 97 gold pieces.

Inventory:

Hand Weapons
 a - a +0 war axe (weapon)
 i - a +3 hunting sling
Missiles
 d - 3 throwing nets (quivered)
Armour
 c - a +0 helmet
 j - a +0 scale mail (worn)
 m - a +1 pair of gloves (worn)
Magical Staves
 k - a staff of fire
Jewellery
 e - a +6 ring of strength (left hand)
Scrolls
 f - a scroll of noise
Potions
 b - 2 potions of flight
 g - a potion of degeneration {unknown}


   Skills:
 + Level 2.5 Fighting
 * Level 5.2 Axes
 - Level 1.7 Throwing
 * Level 1.4 Armour
 + Level 3.2 Dodging
 + Level 0.1 Stealth


You had 4 spell levels left.
You didn't know any spells.
Your spell library contained the following spells:

 Spells                   Type           Power      Damage    Failure   Level
 Slow                     Hex            0%         N/A       73%         1
 Sting                    Tmut/Pois      0%         1d3       73%         1
 Poisonous Vapours        Pois/Air       0%         N/A       86%         2
 Confusing Touch          Hex            0%         N/A       97%         3
 Vampiric Draining        Necr           0%         2d6       97%         3
 Olgreb's Toxic Radiance  Pois           0%         N/A       100%        4


Dungeon Overview and Level Annotations

Branches:
Dungeon (3/15)

Altars:


Innate Abilities, Weirdness & Mutations

You have a pair of small horns on your head.
You sometimes gain a little power by taking damage.
You are partially covered in sharp spines.


Message History

The orc is struck by your spines.
You kill the orc!
You see here a ball python corpse.
The orc is struck by your spines.
You kill the orc!
The orc hits you but does no damage.
Things that are here:
a +0 falchion; a +0 ring mail You barely miss the orc.
The orc hits you but does no damage. The orc is struck by your spines.
The orc closely misses you.
You slash the orc!
You kill the orc!
The orc priest calls down the wrath of Beogh upon you.
Beogh smites you! The orc closely misses you.
You slash the orc!
You kill the orc!
You closely miss the orc priest. You headbutt the orc priest.
The orc priest is lightly wounded.
The orc priest closely misses you.
You hit the orc priest.
You headbutt the orc priest, but do no damage.
The orc priest is moderately wounded.
The orc priest is struck by your spines.
The orc priest hits you but does no damage.
You slash the orc priest!
The orc priest is almost dead.
The orc priest mumbles some strange prayers to Beogh against you.
Pain shoots through your body!
* * * LOW HITPOINT WARNING * * *
The orc priest looks braver for a moment.
You hit the orc priest.
You kill the orc priest!
You miss something. Your headbutt misses something.
Something hits you but does no damage.
As you read the scroll of teleportation, it crumbles to dust.
You feel strangely unstable. Something hits you but does no damage.
You hear some strange, mumbled words.
A puff of flame appears from out of thin air!
The puff of flame hits you!
You die...

########.# #.#...
#.# #.###. ###.###
####.....
#.....####........
#.#.#......######.
#.#>..............
#.#.#......######.
#.#.............#†
#@####.....####.#.
#.#.............#.
#{#.#####.#.#####.
#r#.# #.#.....#.
#.#.#####.#####.#.
#.#.##............
#†#.##.##.#####...
#.#.....#...# #...
###.#########.#
#...


You could see a rat.

Vanquished Creatures
  An ice beast (D:3)
  An orc priest (D:3)
  4 adders
  A worm (D:3)
  3 dart slugs
  7 orcs (D:3)
  5 ball pythons
  8 endoplasms
  A giant cockroach (D:1)
  7 goblins
  7 hobgoblins
  2 quokkas (D:1)
  5 bats
  4 frilled lizards
  4 kobolds
  4 rats
64 creatures vanquished.

Notes
Turn   | Place    | Note
-------+----------+-------------------------------------------
     0 | D:1      | terff the Demonspawn Gladiator began the quest for the Orb.
     0 | D:1      | Reached XP level 1. HP: 16/16 MP: 1/1
   275 | D:1      | Gained mutation: You are partially covered in sharp spines.
                  | [demonic ancestry]
   275 | D:1      | Reached XP level 2. HP: 18/22 MP: 2/2
   330 | D:1      | Reached skill level 3 in Axes
   911 | D:2      | Reached XP level 3. HP: 27/27 MP: 3/3
  1837 | D:3      | Gained mutation: You have a pair of small horns on your
                  | head. [demonic ancestry]
  1837 | D:3      | Reached XP level 4. HP: 27/34 MP: 4/4
  2052 | D:3      | Reached skill level 4 in Axes
  2329 | D:3      | Noticed an ice beast
  2343 | D:3      | Killed an ice beast
  2344 | D:3      | Reached skill level 5 in Axes
  2344 | D:3      | Reached skill level 1 in Armour
  2344 | D:3      | Gained mutation: You sometimes gain a little power by
                  | taking damage. [demonic ancestry]
  2344 | D:3      | Reached XP level 5. HP: 39/39 MP: 5/5
  2451 | D:3      | Killed from afar by an orc wizard

Illustrated notes

Levels and vault maps discovered:
D:1:      minmay_arrival_jagged, layout_loops_ring, serial_park_tiny_pond
D:2:      layout_basic, nrook_loot_triangle
D:3:      layout_basic

Skill      XL: |  1  2  3  4 |
---------------+-------------+-----
Dodging        | 3 |  3.2
Axes           | 3 5 |  5.2
Armour         | 1 |  1.4
Fighting       | |  2.5
Throwing       | |  1.7
Stealth        | |  0.1

Action                   |  1- 3 |  4- 6 || total
-------------------------+-------+-------++-------
Melee: War axe           |    91 |    39 ||   130
       Headbutt          |       |     6 ||     6
  Use: Scroll            |     1 |     6 ||     7
Armor: Leather armour    |    10 |       ||    10
       Scale mail        |    17 |    18 ||    35
       Ring mail         |     3 |       ||     3
Dodge: Dodged            |    67 |    17 ||    84
